Map: Lightshade LE

Players

tsenguun

  • Race: Zerg Zerg
  • Spawn Location: 5:00

You - Winner!

  • Race: Terran Terran
  • League: Diamond
  • Spawn Location: 11:00

VOD

Have the link to the VOD?

Description

Time

  • Played on: Feb. 15, 2021, 2:44 p.m.
  • Length: 11:14
Show
View Real Time Build Order
Export as new Build Order

tsenguun Zerg 

Build Orders: Hatch First, Zergling Baneling 

Get SALT Encoding   

  12  0:00  Drone  
  13  0:14  Overlord  
  13  0:23  Drone  
  14  0:32  Drone x2  
  16  0:53  Hatchery  
  16  0:56  Drone  
  16  1:01  Drone  
  17  1:04  Drone  
  18  1:12  Extractor  
  17  1:23  Spawning Pool  
  17  1:25  Drone  
  17  1:26  Drone  
  18  1:37  Drone  
  19  1:40  Drone  
  20  1:50  Overlord  
  20  2:05  Drone  
  21  2:10  Queen x2  
  21  2:11  Zergling x2  
  21  2:14  Metabolic Boost  
  26  2:17  Zergling x2  
  27  2:24  Drone  
  27  2:25  Drone  
  29  2:35  Drone x2  
  31  2:37  Overlord  
  31  2:54  Baneling Nest  
  30  3:00  Zergling x4  
  30  3:01  Zergling x4  
  33  3:13  Zergling x4  
  33  3:18  Zergling x4  
  33  3:19  Zergling x4  
  39  3:32  Zergling x4  
  41  3:35  Extractor  
  41  3:41  Hatchery  
  41  3:43  Zergling x2  
  41  3:44  Zergling x6  
  44  3:48  Overlord  
  44  4:00  Baneling x3  
  44  4:01  Baneling  
  44  4:02  Baneling  
  44  4:03  Baneling x3  
  44  4:06  Baneling x2  
  44  4:08  Zergling x6  
  42  4:38  Zergling x2  
  42  4:39  Zergling x12  
  42  4:43  Zergling x8  
  42  4:44  Zergling x2  
  50  4:51  Zergling x2  
  50  4:59  Zergling x2  
  50  5:01  Zergling x2  
  50  5:09  Zergling x2  
  50  5:12  Baneling x2  
  50  5:13  Baneling x5  
  48  5:17  Zergling x2  
  48  5:18  Zergling x2  
  47  5:28  Zergling x2  
  44  5:29  Zergling x2  
  44  5:33  Zergling x2  
  40  5:40  Zergling x2  
  37  5:44  Zergling x2  
  34  5:53  Zergling x8  
  37  5:59  Zergling x4  
  37  6:01  Queen  
  40  6:07  Baneling x5  
  40  6:08  Baneling  
  40  6:10  Zergling x6  
  43  6:21  Zergling x10  
  43  6:22  Zergling x6  
  43  6:24  Baneling x2  
  51  6:33  Zergling x6  
  49  6:57  Zergling x18  
  56  7:08  Extractor  
  54  7:21  Extractor  
  53  7:24  Baneling x6  
  53  7:34  Zergling x6  
  53  7:36  Overlord x2  
  57  7:48  Baneling x3  
  57  7:49  Baneling  
  53  8:02  Zergling x2  
  37  8:20  Zergling x2  
  37  8:21  Zergling x18  
  42  8:30  Zergling x4  
  37  8:39  Zergling x2  
  38  8:55  Baneling x7  
  38  8:57  Baneling  
  38  8:59  Baneling  
  38  9:00  Baneling  
  38  9:05  Zergling x2  
  34  9:25  Zergling x4  
  34  9:26  Zergling x2  
  34  9:27  Zergling x4  
  38  9:35  Zergling x2  
  38  9:36  Zergling x4  
  34  9:42  Zergling x2  
  31  9:45  Zergling x2  
  26  10:06  Zergling x10  
  27  10:19  Zergling x4  
  29  10:29  Zergling x2  
  29  10:30  Zergling x2  
  31  10:48  Drone  
  31  10:49  Drone x4  
  36  10:58  Drone x2  
Show
View Real Time Build Order
Export as new Build Order

You Terran - Winner!

Build Orders: Command Center First (CC) 

Get SALT Encoding   

  12  0:01  SCV  
  13  0:13  SCV  
  14  0:17  Supply Depot  
  14  0:25  SCV  
  15  0:39  SCV  
  16  0:51  SCV  
  17  1:01  Command Center  
  17  1:06  SCV  
  18  1:16  Barracks  
  18  1:22  Refinery  
  18  1:28  SCV  
  19  1:40  SCV  
  20  2:03  Orbital Command  
  20  2:06  Reaper  
  21  2:18  Orbital Command  
  21  2:29  SCV  
  22  2:30  Command Center  
  22  2:41  SCV  
  22  2:43  Factory  
  23  2:44  Marine  
  23  2:46  SCV  
  25  2:54  SCV  
  26  2:58  SCV  
  26  3:00  Supply Depot  
  26  3:16  Barracks Reactor  
  26  3:17  SCV  
  26  3:19  SCV  
  28  3:21  Refinery  
  28  3:28  Engineering Bay  
  28  3:29  SCV  
  28  3:30  Hellion, Supply Depot  
  28  3:31  SCV  
  32  3:35  Bunker, Supply Depot  
  32  3:41  SCV  
  32  3:46  SCV  
  33  3:49  Orbital Command  
  33  3:59  Starport  
  33  4:03  Bunker  
  33  4:06  Marine  
  33  4:09  Hellion x2  
  38  4:18  SCV x2  
  38  4:22  SCV  
  41  4:30  Hellion x2, SCV  
  25  4:49  SCV  
  25  4:51  Medivac, Marine  
  21  5:01  Hellion  
  21  5:02  Hellion  
  21  5:03  SCV x2  
  11  5:37  SCV  
  11  5:38  Hellion  
  11  5:40  SCV  
  11  5:41  SCV  
  14  5:50  SCV  
  15  6:01  Orbital Command  
  16  6:20  SCV  
  16  6:32  SCV x3  
  19  6:42  Bunker  
  19  6:44  SCV x3  
  22  6:59  SCV x2  
  23  7:04  SCV  
  23  7:05  Marine  
  25  7:11  SCV x2  
  27  7:16  SCV  
  27  7:22  Hellion x2  
  32  7:25  SCV  
  32  7:27  Marine  
  32  7:29  SCV  
  35  7:35  SCV  
  36  7:39  SCV  
  36  7:43  Hellion x2, SCV  
  42  7:51  SCV  
  42  8:04  Hellion  
  42  8:05  Hellion  
  37  8:26  Hellion x2  
  34  8:37  SCV  
  34  8:40  SCV x2  
  37  8:49  SCV  
  37  8:52  SCV x2  
  37  8:55  Medivac, Supply Depot  
  42  9:01  SCV  
  42  9:02  Hellion x2  
  47  9:04  SCV x2  
  49  9:13  SCV  
  49  9:16  SCV x2  
  52  9:25  SCV  
  49  9:43  SCV  
  47  9:46  SCV x2  
  47  9:47  Hellion  
  47  9:49  Hellion  
  52  9:56  SCV  
  52  9:58  SCV x2  
  49  10:08  SCV  
  49  10:09  Hellion  
  49  10:10  SCV  
  52  10:14  SCV  
  52  10:21  Engineering Bay  
  52  10:23  Supply Depot  
  52  10:37  SCV  
  52  10:38  Supply Depot  
  52  10:39  Supply Depot  
  53  10:44  Barracks  
  53  10:45  Hellion x2  
  53  10:48  SCV  
  58  10:55  Supply Depot  
  58  10:56  Supply Depot  
  58  10:58  SCV x2  
Tags
 
Add a new tag
Caveats
  • Supply blocks, unpowered buildings, or Contaminate may cause inaccurate times.
  • Supply counts are checked every 10 seconds.